 Dungeon Crawl Stone Soup version 0.28.0-53-g5a82cb258f (webtiles) character file.

Game seed: 1013697468439830021

1726 ILmort the Cleaver (level 9, 0/84 HPs)
             Began as a Hill Orc Fighter on Aug 7, 2022.
             Was an Initiate of Beogh.
             Slain by Dowan
             ... wielding a +1 dagger of speed
              (3 damage)
             ... on level 6 of the Dungeon.
             The game lasted 00:15:22 (4940 turns).

ILmort the Cleaver (Hill Orc Fighter)               Turns: 4940, Time: 00:15:22

Health: 0/84       AC:  9    Str: 23    XL:     9   Next: 4%
Magic:  9/9        EV:  6    Int:  8    God:    Beogh [......]
Gold:   135        SH:  4    Dex: 10    Spells: 8/8 levels left

rFire   . . .      SeeInvis .   j - +9 spear of the Toadstool {freeze, rPois}
rCold   . . .      Faith    .   c - +0 buckler
rNeg    . . .      Spirit   .   w - +0 plate armour
rPois   +          Reflect  .   (no helmet)
rElec   .          Harm     .   x - +0 cloak
rCorr   .          Rampage  .   e - +0 pair of gloves
Will    .....                   (no boots)
Stlth   ..........              u - amulet of the acrobat
HPRegen 0.24/turn               q - ring of poison resistance
MPRegen 0.11/turn               (no ring)

@: lit by a corona, glowing
A: deformed body, noise suppression
a: Renounce Religion


You were on level 6 of the Dungeon.
You worshipped Beogh.
Beogh was noncommittal.
You visited 1 branch of the dungeon, and saw 6 of its levels.

You collected 239 gold pieces.
You spent 104 gold pieces at shops.

Inventory:

Hand Weapons
 a - a +0 war axe
 j - the +9 spear of the Toadstool (weapon) {freeze, rPois}
   (You found it on level 1 of the Dungeon)

   It freezes those it strikes, dealing additional cold damage.
   It can also slow down cold-blooded creatures.
   rPois:     It protects you from poison.
Armour
 c - a +0 buckler (worn)
 e - a +0 pair of gloves (worn)
 w - a +0 plate armour (worn)
 x - a +0 cloak (worn)
 z - a +1 scale mail of cold resistance
Jewellery
 p - a ring of wizardry
 q - a ring of poison resistance (left hand)
 u - an amulet of the acrobat (around neck)
 v - a +4 ring of evasion
Scrolls
 f - a scroll of immolation {unknown}
 g - a scroll of amnesia {unknown}
 k - 3 scrolls of identify {unknown}
 l - 3 scrolls of teleportation {unknown}
 n - 2 scrolls of noise {unknown}
 y - a scroll of fear {unknown}
Potions
 b - a potion of flight {unknown}
 d - 2 potions of might
 h - 3 potions of lignification {unknown}
 i - 4 potions of curing
 m - a potion of attraction {unknown}
 o - a potion of degeneration {unknown}
 r - a potion of brilliance {unknown}
 s - a potion of berserk rage {unknown}
 t - a potion of magic {unknown}


   Skills:
 + Level 9.4 Fighting
 + Level 9.8 Axes
 + Level 4.8 Armour
 + Level 4.9 Shields


You had 8 spell levels left.
You didn't know any spells.
Your spell library contained the following spells:

 Spells                   Type           Power      Damage    Failure   Level
 Confusing Touch          Hex            0%         N/A       100%        3
 Gell's Gravitas          Tloc           0%         N/A       100%        3
 Lesser Beckoning         Tloc           0%         N/A       100%        3
 Teleport Other           Tloc           0%         N/A       100%        3
 Fireball                 Conj/Fire      0%         3d3       100%        5
 Yara's Violent Unravell  Hex/Tmut       0%         3d3       100%        5
 Starburst                Conj/Fire      0%         6d3       100%        6
 Enfeeble                 Hex            0%         N/A       100%        7
 Ignition                 Fire           0%         3d3       100%        8


Dungeon Overview and Level Annotations

Branches:
Dungeon (6/15)             Temple (0/1) D:6

Altars:
Ashenzari
Cheibriados
Sif Muna
Yredelemnul

Shops:
D:2 :   D:3 !   D:4 =

Annotations:
D:6 Dowan


Innate Abilities, Weirdness & Mutations

Armour fits poorly on your strangely shaped body.
You passively dampen the noise of your surroundings.


Message History

Beogh accepts your kill.
Dowan seems overcome with grief.
Dowan seems to find hidden reserves of power!
Dowan points at you and mumbles some strange words.
The stone arrow hits you!!
* * * LOW HITPOINT WARNING * * *
Dowan hits you with a +1 dagger of speed.
* * * LOW HITPOINT WARNING * * *
You have reached level 9!
Your experience leads to an increase in your attributes!
Increase (S)trength, (I)ntelligence, or (D)exterity?
You feel stronger. x2
It was a potion of curing.
You feel better. Dowan hits you but does no damage. You block Dowan's attack.
You barely miss Dowan. Dowan closely misses you.
Dowan mumbles some strange words.
Dowan blinks!
Reach: j) +9 spear of the Toadstool {freeze, rPois}
Press: ? - help, Dir - move target, f - Dowan
Aim: Dowan, wielding a +1 dagger of speed and wearing a +0 robe (fast, about 35% to evade the +9 spear of the Toadstool)
You reach to attack!
You hit Dowan. You freeze Dowan.
Dowan is moderately wounded.
You closely miss Dowan.
Dowan is moderately wounded.
You block Dowan's attack.
You miss Dowan.
Dowan is moderately wounded.
Dowan hits you with a +1 dagger of speed.
* * * LOW HITPOINT WARNING * * *
Dowan hits you but does no damage.
You hit Dowan. You freeze Dowan.
Dowan is heavily wounded.
Dowan gestures at you while chanting. The stone arrow hits you!
* * * LOW HITPOINT WARNING * * *
Dowan hits you but does no damage.
You hit Dowan. You freeze Dowan.
Dowan is heavily wounded.
Dowan hits you with a +1 dagger of speed.
You die...

.......######......#
................>..#
........##.##....###
####....##.##....#
##########.##....# ..#
#####.#.....# ### ## ..#
#.....#.....# .... #.
..####.....#.....# ..... #.
..#........#.#..@###..... #.
..#........#....e)....... #.
..#....###.#............. ######.
.)#....###.#............. #.)....
..#........#.........)..###.#####
#.####.....##...........#....#...
#..........##...........#.#..#.##
#..............###.#....#.#..#.#
...............# #.#....#.#..#.#


You could see Dowan (fast).

Vanquished Creatures
  Grinder (D:3)
  Duvessa (D:6)
  A water moccasin (D:5)
  3 necrophages
  2 ice beasts
  3 ogres
  A centaur (D:6)
  2 scorpions
  A centaur zombie (D:6)
  A bullfrog skeleton (D:6)
  A hound (D:6)
  A jelly (D:6)
  2 centaur skeletons (D:6)
  An iguana (D:4)
  2 orc wizards
  A hound zombie (D:5)
  2 howler monkey zombies
  3 adders
  10 gnolls
  An ufetubus (D:6)
  2 dart slugs
  8 orcs
  5 endoplasms
  6 giant cockroaches
  7 goblins
  7 hobgoblins
  4 jackals (D:1)
  2 quokkas
  5 ball pythons
  2 bats (D:2)
  A frilled lizard (D:2)
  5 kobolds
  12 rats
106 creatures vanquished.

Vanquished Creatures (others)
  An orc priest (D:6)
  2 orcs (D:6)
3 creatures vanquished.

Grand Total: 109 creatures vanquished

Notes
Turn   | Place    | Note
-------+----------+-------------------------------------------
     0 | D:1      | ILmort the Hill Orc Fighter began the quest for the Orb.
     0 | D:1      | Reached XP level 1. HP: 19/19 MP: 1/1
   270 | D:1      | Reached XP level 2. HP: 26/27 MP: 2/2
   891 | D:1      | Identified the +9 spear of the Toadstool {freeze, rPois}
   977 | D:2      | Reached XP level 3. HP: 33/33 MP: 3/3
   982 | D:2      | You fall into a shaft and drop 1 floor!
   982 | D:3      | Found a broken altar of Ashenzari.
  1062 | D:3      | Noticed Grinder
  1078 | D:3      | Killed Grinder
  1079 | D:3      | Reached skill level 5 in Fighting
  1079 | D:3      | Reached skill level 5 in Axes
  1079 | D:3      | Reached XP level 4. HP: 13/44 MP: 4/4
  1079 | D:3      | Reached XP level 5. HP: 15/50 MP: 5/5
  1079 | D:3      | Reached XP level 6. HP: 17/57 MP: 6/6
  1324 | D:2      | Found Zeorie's Book Shop.
  2018 | D:3      | Found Nulist's Distillery.
  2029 | D:3      | Bought a potion of mutation for 104 gold pieces
  2029 | D:3      | Gained mutation: Armour fits poorly on your strangely
                  | shaped body. [potion of mutation]
  2029 | D:3      | Gained mutation: You passively dampen the noise of your
                  | surroundings. [potion of mutation]
  2122 | D:3      | Found a basalt altar of Yredelemnul.
  2122 | D:3      | Found a shimmering blue altar of Sif Muna.
  2122 | D:3      | Found a snail-covered altar of Cheibriados.
  2305 | D:4      | Reached XP level 7. HP: 40/64 MP: 7/7
  2619 | D:4      | Found Kionawn's Jewellery Emporium.
  3017 | D:5      | Entered Level 5 of the Dungeon
  3539 | D:5      | Reached XP level 8. HP: 74/74 MP: 8/8
  4313 | D:6      | Became a worshipper of Beogh the Brigand
  4385 | D:6      | Found a staircase to the Ecumenical Temple.
  4909 | D:6      | Noticed Duvessa
  4910 | D:6      | Noticed Dowan
  4933 | D:6      | Killed Duvessa
  4934 | D:6      | Reached XP level 9. HP: 9/84 MP: 9/9
  4939 | D:6      | HP: 3/84 [Dowan/stone arrow (11)]
  4940 | D:6      | Slain by Dowan

Illustrated notes

Levels and vault maps discovered:
D:1:      lemuel_arrival_rhombus, layout_basic, minivault_5
D:2:      minmay_razor_zed, layout_basic, serial_shops, nicolae_shop_trees
D:3:      layout_rooms, gammafunk_temple_overflow_claw,
          ashenzari_conservatory_becter, serial_shops, nicolae_shop_statue_plus,
          uniq_grinder
D:4:      layout_cave_pools, serial_shops, nicolae_shop_trees
D:5:      layout_loops_cross, minmay_misc_feat_rows
D:6:      layout_basic, minmay_temple_entry_mini_moons, uniq_duvessa

Skill      XL: |  1  2  3  4  5  6  7  8 |
---------------+-------------------------+-----
Axes           | 3 5 6 8 9 |  9.8
Fighting       | 4 5 6 8 9 |  9.4
Armour         | 4 |  4.8
Shields        | 4 |  4.9

Action                   |  1- 3 |  4- 6 |  7- 9 || total
-------------------------+-------+-------+-------++-------
Melee: War axe           |    35 |       |       ||    35
       Spear             |    15 |    83 |   163 ||   261
Invok: Convert to Beogh  |       |       |     1 ||     1
  Use: Potion            |       |     1 |     1 ||     2
Armor: Chain mail        |    28 |    40 |    17 ||    85
       Scale mail        |     3 |       |       ||     3
       Plate armour      |       |       |    57 ||    57
Dodge: Dodged            |    15 |    24 |    52 ||    91
Block: Buckler           |     5 |    15 |    40 ||    60
